Map: Estação Rei Sejong ER

Players

CoronelX

  • Race: Protoss Protoss
  • League: Master
  • Spawn Location: 5:00

TheZergLord - Winner!

  • Race: Zerg Zerg
  • League: Master
  • Spawn Location: 11:00

VOD

Have the link to the VOD?

Description

Time

  • Played on: May 23, 2016, 3:36 p.m.
  • Length: 9:12
Show
View Real Time Build Order
Export as new Build Order

CoronelX Protoss 

Build Orders: 1 Gate Expand 

Get SALT Encoding   

  12  0:01  Probe (Chrono Boost)  
  13  0:11  Probe (Chrono Boost)  
  14  0:21  Pylon  
  14  0:22  Probe (Chrono Boost)  
  15  0:39  Probe (Chrono Boost)  
  16  0:44  Gateway  
  16  0:49  Assimilator  
  17  0:50  Probe (Chrono Boost)  
  17  1:00  Probe (Chrono Boost)  
  18  1:11  Probe (Chrono Boost)  
  19  1:24  Nexus  
  19  1:36  Cybernetics Core  
  19  1:37  Probe (Chrono Boost)  
  20  1:47  Assimilator  
  20  1:53  Probe (Chrono Boost)  
  21  2:06  Probe (Chrono Boost)  
  22  2:11  Pylon  
  22  2:16  Probe (Chrono Boost)  
  22  2:17  Warp Gate  
  23  2:29  Stalker (Chrono Boost)  
  26  2:35  Mothership Core  
  26  2:36  Probe  
  27  2:47  Probe  
  27  2:50  Gateway  
  27  2:51  Gateway  
  28  2:56  Adept (Chrono Boost), Probe  
  31  3:00  Probe  
  32  3:09  Probe  
  32  3:11  Probe  
  34  3:14  Pylon  
  34  3:20  Twilight Council  
  34  3:21  Probe  
  35  3:27  Probe  
  35  3:33  Probe  
  39  3:34  Adept (Chrono Boost)  
  39  3:37  Probe  
  40  3:46  Adept x2 (Chrono Boost)  
  44  3:58  Resonating Glaives (Chrono Boost)  
  44  4:05  Robotics Facility  
  44  4:08  Probe  
  44  4:09  Probe  
  46  4:19  Probe  
  46  4:21  Probe  
  46  4:23  Adept x3  
  54  4:39  Nexus  
  54  4:41  Pylon  
  54  4:43  Assimilator  
  54  4:46  Assimilator  
  54  4:55  Stargate  
  54  5:01  Probe  
  54  5:02  Probe  
  56  5:12  Probe  
  47  5:15  Probe  
  47  5:17  Stargate  
  47  5:18  Adept x2  
  48  5:24  Probe  
  48  5:27  Probe  
  50  5:32  Pylon  
  50  5:36  Probe  
  50  5:39  Probe  
  56  5:48  Probe  
  57  5:52  Probe x2  
  57  5:53  Pylon  
  57  5:55  Phoenix (Chrono Boost)  
  61  5:59  Warp Prism  
  59  6:05  Probe  
  59  6:10  Pylon, Phoenix (Chrono Boost)  
  59  6:11  Probe  
  62  6:12  Probe  
  62  6:18  Forge, Phoenix (Chrono Boost)  
  66  6:23  Probe  
  66  6:24  Probe  
  68  6:30  Probe  
  68  6:32  Dark Shrine  
  71  6:35  Phoenix (Chrono Boost)  
  73  6:40  Phoenix (Chrono Boost)  
  73  6:42  Probe  
  73  6:43  Probe  
  73  6:44  Probe  
  76  6:52  Protoss Ground Weapons Level 1  
  76  6:54  Probe  
  76  6:55  Pylon  
  76  7:00  Phoenix (Chrono Boost)  
  81  7:01  Phoenix (Chrono Boost)  
  81  7:04  Robotics Facility  
  81  7:10  Probe  
  82  7:19  Probe  
  82  7:20  Probe  
  82  7:21  Zealot x3  
  90  7:23  Probe  
  90  7:27  Observer  
  90  7:28  Assimilator  
  90  7:29  Assimilator  
  92  7:46  Dark Templar  
  92  7:47  Dark Templar x2  
  98  8:02  Observer  
  97  8:06  Immortal (Chrono Boost)  
  95  8:18  Probe  
  94  8:22  Dark Templar  
  94  8:23  Dark Templar  
  86  8:40  Pylon  
  86  8:41  Pylon  
  86  8:42  Pylon x2  
  86  8:43  Probe  
  86  8:45  Pylon  
  89  8:51  Gateway  
  89  8:54  Gateway  
  86  8:56  Gateway  
  86  8:58  Gateway  
  79  9:04  Pylon  
Show
View Real Time Build Order
Export as new Build Order

TheZergLord Zerg - Winner!

Build Orders: Hatch First 

Get SALT Encoding   

  12  0:01  Drone  
  13  0:13  Overlord  
  13  0:17  Drone  
  14  0:32  Drone  
  14  0:33  Drone  
  16  0:36  Drone  
  17  0:53  Hatchery  
  17  0:55  Drone  
  17  0:58  Drone  
  18  1:09  Extractor  
  17  1:13  Spawning Pool  
  17  1:16  Drone  
  17  1:20  Drone  
  18  1:30  Drone  
  19  1:40  Overlord  
  19  1:52  Drone  
  20  2:00  Queen  
  22  2:02  Zergling x2  
  22  2:06  Queen  
  22  2:07  Drone  
  26  2:10  Metabolic Boost  
  26  2:12  Drone  
  27  2:22  Drone  
  28  2:26  Drone  
  28  2:27  Drone  
  30  2:39  Hatchery  
  30  2:41  Drone  
  30  2:42  Drone  
  31  2:51  Drone  
  31  2:52  Drone  
  31  2:56  Overlord  
  33  2:59  Drone  
  34  3:12  Drone x2  
  36  3:14  Queen x2  
  36  3:18  Overlord  
  36  3:19  Drone x2  
  42  3:21  Drone  
  42  3:26  Drone  
  44  3:38  Overlord  
  44  3:40  Drone x2  
  46  3:41  Drone x3  
  46  3:42  Drone x2  
  51  4:01  Drone, Roach Warren  
  51  4:03  Drone x3  
  51  4:04  Drone x3  
  57  4:10  Overlord  
  57  4:12  Overlord x2  
  57  4:30  Extractor  
  56  4:31  Zergling x2  
  56  4:32  Zergling x20  
  67  4:39  Spore Crawler  
  67  4:41  Drone, Spore Crawler x2  
  67  4:42  Drone  
  67  4:44  Roach x2  
  67  4:45  Roach x2  
  74  4:47  Lair  
  74  4:51  Roach  
  76  4:55  Roach  
  76  4:57  Overlord  
  76  4:58  Drone x3  
  80  5:08  Drone x2  
  80  5:09  Drone x2  
  78  5:17  Drone x2  
  79  5:22  Drone  
  79  5:23  Drone x3, Evolution Chamber  
  79  5:26  Drone x4  
  86  5:28  Extractor  
  86  5:29  Extractor  
  86  5:31  Extractor  
  86  5:32  Extractor  
  82  5:38  Drone x2  
  82  5:39  Drone x3  
  87  5:47  Hydralisk Den  
  86  5:50  Drone x3  
  86  5:51  Drone, Hatchery  
  89  5:57  Zerg Missile Weapons Level 1  
  89  5:58  Pneumatized Carapace  
  89  5:59  Overlord  
  89  6:04  Overlord x2  
  89  6:06  Overlord x3  
  89  6:26  Muscular Augments  
  89  6:27  Hydralisk x7  
  89  6:31  Drone  
  89  6:32  Drone  
  105  6:35  Hydralisk  
  105  6:36  Hydralisk x2  
  105  6:38  Hydralisk  
  105  6:39  Zergling x2  
  115  6:40  Zergling x6  
  115  6:42  Extractor  
  115  6:46  Extractor  
  115  6:49  Hydralisk x3  
  121  6:57  Hydralisk x3  
  121  6:59  Zergling x6  
  121  7:01  Overlord x3  
  130  7:04  Overlord  
  130  7:11  Drone x6  
  136  7:26  Drone  
  136  7:28  Queen  
  136  7:29  Hydralisk x3  
  139  7:30  Hydralisk x3  
  139  7:31  Hydralisk  
  153  7:39  Lurker Den, Spore Crawler  
  153  7:42  Hydralisk x3  
  141  8:19  Overseer x2  
  138  8:21  Hydralisk  
  138  8:22  Hydralisk x13  
  160  8:32  Hydralisk x4  
  160  8:33  Hydralisk  
  154  8:44  Drone  
Tags
 
Add a new tag
Caveats
  • Supply blocks, unpowered buildings, or Contaminate may cause inaccurate times.
  • Supply counts are checked every 10 seconds.